 Dungeon Crawl Stone Soup version 0.28.0-1-gb440e238dd (webtiles) character file.

Game seed: 13894356231775111301

190 Conn the Firebug (level 5, 0/46 HPs)
             Began as an Octopode Fire Elementalist on Feb 20, 2022.
             Blown up by Ijyb (15 damage)
             ... with a mindburst bolt
             ... on level 4 of the Dungeon.
             The game lasted 00:06:46 (4330 turns).

Conn the Firebug (Octopode Fire Elementalist)       Turns: 4330, Time: 00:06:47

Health: 0/46       AC: 22    Str:  7    XL:     5   Next: 69%
Magic:  4/9        EV:  2    Int: 19    God:
Gold:   84         SH:  0    Dex: 13    Spells: 0/9 levels left

rFire   . . .      SeeInvis .   e - +0 dagger
rCold   . . .      Faith    .   (no shield)
rNeg    . . .      Spirit   .   (helmet currently unavailable)
rPois   +          Reflect  .   (no amulet)
rElec   .          Harm     .   (no ring)
rCorr   .          Rampage  .   (no ring)
Will    .....      NoTele   +   (no ring)
Stlth   +++.......              (no ring)
HPRegen 0.15/turn               (no ring)
MPRegen 0.11/turn               (no ring)
                                (no ring)
                                (no ring)

@: brilliant, tree-form
A: stationary, stasis, torment immunity, boosted hp, almost no armour,
(amphibious), 8 rings, (camouflage 1), (gelatinous body 1), (nimble swimmer 1),
(tentacles)
a: no special abilities


You were on level 4 of the Dungeon.
You were a tree.
You visited 1 branch of the dungeon, and saw 4 of its levels.

You collected 192 gold pieces.
You spent 108 gold pieces at shops.

Inventory:

Hand Weapons
 e - a +0 dagger (weapon)
Magical Staves
 n - a staff of air
Wands
 q - a wand of flame (3)
Scrolls
 a - 4 scrolls of teleportation
 b - a scroll of torment {unknown}
 d - a scroll of identify {unknown}
 m - 2 scrolls of immolation {unknown}
 p - a scroll of blinking {unknown}
Potions
 c - a potion of flight {unknown}
 f - a potion of ambrosia {unknown}
 g - a potion of lignification
 h - a potion of brilliance
 i - a potion of degeneration {unknown}
 j - a potion of haste {unknown}
 k - a potion of heal wounds {unknown}
 l - a potion of invisibility {unknown}
 o - a potion of might
 r - a potion of curing


   Skills:
 + Level 0.2 Fighting
 + Level 0.1 Short Blades
 + Level 2.3 Dodging
 + Level 4.1 Stealth
 + Level 2.9 Spellcasting
 + Level 2.7 Conjurations
 + Level 4.1 Fire Magic


You couldn't memorise any spells.
You knew the following spells:

 Your Spells              Type           Power      Damage    Failure   Level
a - Foxfire               Conj/Fire      92%        2x1d8     3%          1
b - Conjure Flame         Conj/Fire      23%        6-21      11%         3
c - Inner Flame           Hex/Fire       15%        N/A       21%         3
e - Scorch                Fire           54%        2d7       4%          2

Your spell library contained the following spells:

 Spells                   Type           Power      Damage    Failure   Level
 Animate Skeleton         Necr           8%         N/A       16%         1
 Pain                     Necr           16%        1d4       16%         1
 Ensorcelled Hibernation  Hex/Ice        8%         N/A       24%         2
 Passwall                 Tmut/Erth      3%         N/A       24%         2
 Flame Wave               Conj/Fire      23%        2d7       36%         4
 Swiftness                Air            4%         N/A       43%         3
 Vampiric Draining        Necr           4%         2d6       43%         3


Dungeon Overview and Level Annotations

Branches:
Dungeon (4/15)
 Temple: D:4-7

Altars:
Trog

Shops:
D:2 (   D:4 *(

Annotations:
D:3 Grinder
D:4 Ijyb


Innate Abilities, Weirdness & Mutations

You are a tree.
Your roots penetrate the ground, keeping you stationary.
You cannot be teleported.
You are immune to unholy pain and torment.
Your maximum health is greatly increased.
You cannot wear most types of armour.
((You are amphibious.))
You can wear up to eight rings at the same time.
((Your skin changes colour to match your surroundings (Stealth+).))
((Your rubbery body absorbs attacks. (AC +1, EV +1)))
((You are camouflaged when in or above water. (Stealth+)))
((You have tentacles for arms and can constrict up to eight enemies at once.))


Message History

Confirm with . or Enter, or press ? or * to list all spells.
Flames lash Ijyb.
Ijyb is lightly wounded.
Ijyb's fire resistance burns away.
Casting: Scorch (safe; 4% risk of failure)
Confirm with . or Enter, or press ? or * to list all spells.
Flames lash Ijyb but do no damage.
Ijyb drinks a potion.
Ijyb seems to grow stronger.
Ijyb zaps a wand.
Your mind is blasted!
Ouch! That really hurt!
Okay, then.
As you read the scroll of teleportation, it crumbles to dust.
You feel strangely unstable.
Ijyb is no longer more vulnerable to fire.
Okay, then.
Press: ? - help, v - describe, . - travel
Here: Ijyb, wielding a +0 dagger, wearing a +0 ring mail and carrying a wand of mindburst (20) (lightly wounded, strong)
The floor.
Unknown command.
Unknown command.
Okay, then.
It was a potion of lignification.
You turn into a tree.
Your roots penetrate the ground.
You feel strangely stable. Ijyb hits you with a +0 dagger.
It was a potion of brilliance.
You feel clever all of a sudden.
Ijyb zaps a wand.
Your mind is blasted!
* * * LOW HITPOINT WARNING * * *
It was a potion of curing.
You feel better. Ijyb hits you but does no damage.
Casting: Scorch (safe; 4% risk of failure)
Confirm with . or Enter, or press ? or * to list all spells.
Okay, then.
Unknown command.
Unknown command.
Casting: Scorch (safe; 4% risk of failure)
Confirm with . or Enter, or press ? or * to list all spells.
You feel a surge of power!
Flames lash Ijyb.
Ijyb is moderately wounded.
Ijyb's fire resistance burns away.
Ijyb zaps a wand.
Your mind is blasted!
You die...

..≈≈.≈≈..####
#.≈...≈.....#
#.≈.8.≈..##.#
#........##.# #####
##########
....###..##.####...###
#.........
........†......#.#...#
#.###.....
###.###..##.##..∩..#
#.# #.##.. #
#.##...##.####g### #.#
#.##.. ###.#.....#.#
#♣# #.###.###.
....##......# #.#
#......... ##### ###
#$###.# #####.....
#...... #...... #.....
#..#### ##+##
#####.##.. #..####
##...###........#
#.....# ##.....##.#
#.##.# #.###.#
##.......#.# #..#.#
#......


You could see Ijyb (strong, combustible).

Vanquished Creatures
  A jelly (D:4)
  A hound (D:4)
  5 adders
  An adder skeleton (D:4)
  2 dart slugs
  3 orcs (D:3)
  9 bats
  10 endoplasms
  3 giant cockroaches
  A goblin (D:3)
  6 hobgoblins
  6 kobolds
  2 quokkas
  A ball python (D:1)
  A frilled lizard (D:1)
  A quokka skeleton (D:4)
  7 rats
60 creatures vanquished.

Vanquished Creatures (others)
  179 foxfires
179 creatures vanquished.

Grand Total: 239 creatures vanquished

Notes
Turn   | Place    | Note
-------+----------+-------------------------------------------
     0 | D:1      | Conn the Octopode Fire Elementalist began the quest for the
                  | Orb.
     0 | D:1      | Reached XP level 1. HP: 11/11 MP: 3/3
   250 | D:1      | Reached XP level 2. HP: 17/17 MP: 0/5
   568 | D:1      | Reached XP level 3. HP: 21/21 MP: 1/6
   937 | D:1      | Found a faded altar of an unknown god.
  1625 | D:2      | Reached XP level 4. HP: 27/27 MP: 3/7
  1680 | D:2      | Found Joth's Weapon Shoppe.
  2924 | D:3      | Noticed Grinder
  2926 | D:3      | Paralysed by Grinder for 7 turns
  3066 | D:3      | Learned a level 3 spell: Conjure Flame
  3069 | D:3      | Learned a level 2 spell: Scorch
  3355 | D:4      | Reached XP level 5. HP: 28/31 MP: 1/9
  3805 | D:4      | Found a bloodstained altar of Trog.
  4184 | D:4      | Found Qaoritsoar's Assorted Antiques.
  4192 | D:4      | Bought a jewelled ivory wand for 108 gold pieces
  4311 | D:4      | Found Tanuh's Antique Weapon Shoppe.
  4315 | D:4      | Noticed Ijyb
  4322 | D:4      | Learned a level 3 spell: Inner Flame
  4330 | D:4      | Blown up by Ijyb

Illustrated notes

Levels and vault maps discovered:
D:1:      dpeg_arrival_short_road, layout_basic,
          hellmonk_ecumenical_altar_inner_sanctum, kennysheep_minor_cross,
          hangedman_decor_peaks_small
D:2:      layout_basic, serial_shops, nicolae_shop_trees
D:3:      layout_loops_ring, minmay_door_square, uniq_grinder
D:4:      layout_loops_corners, mainiacjoe_overflow_catwalk, serial_shops,
          nicolae_shop_overgrown_old_shop, nicolae_shop_crystal, uniq_ijyb

Skill      XL: |  1  2  3  4  5 |
---------------+----------------+-----
Conjurations   | 2 |  2.7
Stealth        | 3 4 |  4.1
Fire Magic     | 4 |  4.1
Fighting       | |  0.2
Short Blades   | |  0.1
Dodging        | |  2.3
Spellcasting   | |  2.9

Action                   |  1- 3 |  4- 6 || total
-------------------------+-------+-------++-------
Melee: Tentacles         |     5 |     4 ||     9
       Dagger            |    11 |    22 ||    33
       Constrict         |     4 |     5 ||     9
       Unarmed           |     2 |       ||     2
       Punch             |       |     1 ||     1
 Cast: Foxfire           |    57 |    50 ||   107
       Scorch            |       |     3 ||     3
  Use: Scroll            |       |     4 ||     4
       Potion            |       |     3 ||     3
 Stab: Sleeping          |     1 |     3 ||     4
Armor: Skin              |     1 |     5 ||     6
Dodge: Dodged            |    15 |    13 ||    28
